 Seeded DCSS version 0.30.1-11-g7821555f0a (webtiles) character file.

Game seed: 4938649550879516706 (custom seed)

2567489 bwicke the Axe Maniac (level 27, 273/273 HPs)
             Began as a Hill Orc Fighter on Dec 18, 2023.
             Was the Champion of the Shining One.
             Escaped with the Orb
             ... and 4 runes on Dec 24, 2023!
             The game lasted 07:27:44 (60343 turns).

bwicke the Axe Maniac (Hill Orc Fighter)           Turns: 60343, Time: 07:27:44

Health: 273/273    AC: 58    Str: 31    XL:     27
Magic:  39/39      EV: 19    Int:  7    God:    the Shining One [******]
Gold:   8146       SH: 24    Dex: 21    Spells: 26/26 levels left

rFire   + + .        E - +10 broad axe of Rezxirch {freeze, rPois Str+4}
rCold   + . .        l - +5 kite shield {reflect}
rNeg    + + +        c - +9 scales of the Dragon King {rPois rF+ rC+ Will+}
rPois   +            e - +5 hat "Kacas" {rElec rF+}
rElec   +            S - +2 cloak {Will+}
rCorr   .            b - +3 pair of gauntlets of War {Slay+5}
SInv    .            Y - +2 pair of boots
Will    +++++        D - amulet of Resiuri {Spirit rC++} Stlth
                     T - ring "Zacledol" {Will+++ EV+5 Str-3 Dex+3 Slay+3}
HPRegen 0.65/turn    R - ring "Tuiqot" {Fly Slay+3 Stlth+}
MPRegen 0.26/turn

%: reflection, guardian spirit
@: flying, glowing, studying 4 skills
A: iridescent scales 2, thin skeletal structure 1, agile 1, teleportitis 1, cold
vulnerability 2, inability to drink after injury 1
0: Orb of Zot
}: 4/15 runes: decaying, slimy, silver, gossamer
a: Renounce Religion, Divine Shield, Cleansing Flame, Summon Divine Warrior


You escaped.
You worshipped the Shining One.
The Shining One was exalted by your worship.
You visited 12 branches of the dungeon, and saw 55 of its levels.
You also visited: Gauntlet, Ice Cave and Volcano.

You collected 13669 gold pieces.
You spent 5523 gold pieces at shops.

Inventory:

Hand Weapons
 k - the +11 sling "Umeat" {freeze, Fly Str+3 Int-3}
   (You found it on level 5 of the Vaults)

   Str:       It affects your strength (+3).
   Int:       It affects your intelligence (-3).
   Fly:       It grants you flight.
 r - a +9 broad axe of holy wrath
 E - the +10 broad axe of Rezxirch (weapon) {freeze, rPois Str+4}
   (You bought it in a shop on level 5 of the Dungeon)

   Str:       It affects your strength (+4).
   rPois:     It protects you from poison.
 N - the +2 broad axe of Crusades {antimagic, Str+3}
   (You acquired it on level 2 of the Swamp)

   Str:       It affects your strength (+3).
 O - a +4 heavy broad axe
 P - the +7 executioner's axe of the Extremes {speed, *Noise rElec rCorr Int+4}
   (You acquired it in a Gauntlet)

   Int:       It affects your intelligence (+4).
   rElec:     It insulates you from electricity.
   *Noise:    It may make noises in combat.
   rCorr:     It protects you from acid and corrosion.
Missiles
 y - 11 curare-tipped darts
 G - 7 silver javelins
Armour
 b - the +3 pair of gauntlets of War (worn) {Slay+5}
   (You found it on level 5 of the Pits of Slime)

   Slay:      It affects your accuracy & damage with ranged weapons and melee
   (+5).
 c - the +9 scales of the Dragon King (worn) {rPois rF+ rC+ Will+}
   (You found it on level 2 of the Crypt)

   rF:        It protects you from fire.
   rC:        It protects you from cold.
   rPois:     It protects you from poison.
   Will:      It increases your willpower.
 e - the +5 hat "Kacas" (worn) {rElec rF+}
   (You found it in a Gauntlet)

   rF:        It protects you from fire.
   rElec:     It insulates you from electricity.
 l - a +5 kite shield of reflection (worn)
 n - the scarf of the Wheelwright {repulsion, rF+++ Int+3 Slay-4}
   (You found it on level 4 of the Vaults)

   Int:       It affects your intelligence (+3).
   Slay:      It affects your accuracy & damage with ranged weapons and melee
   (-4).
   rF:        It renders you almost immune to fire.
 S - a +2 cloak of willpower (worn)
 Y - a +2 pair of boots (worn)
Jewellery
 D - the amulet of Resiuri (around neck) {Spirit rC++}
   (You found it on level 5 of the Dungeon)

   [amulet of guardian spirit]

   It causes incoming damage to be divided between your reserves of health and
   magic.
   rC:        It greatly protects you from cold.
 L - the ring of Ygouh Dimue {rPois rF+++ rCorr Str-2 Stlth+}
   (You acquired it on level 2 of the Vaults)

   [ring of resist corrosion]

   Str:       It affects your strength (-2).
   rF:        It renders you almost immune to fire.
   rPois:     It protects you from poison.
   rCorr:     It protects you from acid and corrosion.
   Stlth:     It makes you more stealthy.
 M - the ring "Cusaox" {+Blink rPois rF++ Will+ Dex-3}
   (You found it on level 4 of the Realm of Zot)

   [ring of willpower]

   Dex:       It affects your dexterity (-3).
   rF:        It greatly protects you from fire.
   rPois:     It protects you from poison.
   +Blink:    It lets you blink.
   Will:      It increases your willpower.
 R - the ring "Tuiqot" (right hand) {Fly Slay+3 Stlth+}
   (You acquired it on level 2 of the Vaults)

   [ring of flight]

   Slay:      It affects your accuracy & damage with ranged weapons and melee
   (+3).
   Fly:       It grants you flight.
   Stlth:     It makes you more stealthy.
 T - the ring "Zacledol" (left hand) {Will+++ EV+5 Str-3 Dex+3 Slay+3}
   (You took it off a deep elf master archer on level 3 of the Elven Halls)

   [ring of evasion]

   EV:        It affects your evasion (+5).
   Str:       It affects your strength (-3).
   Dex:       It affects your dexterity (+3).
   Slay:      It affects your accuracy & damage with ranged weapons and melee
   (+3).
   Will:      It greatly increases your willpower.
Wands
 a - a wand of acid (34)
 d - a wand of paralysis (31)
 j - a wand of digging (36)
 t - a wand of iceblast (45)
 z - a wand of mindburst (27)
Scrolls
 f - a scroll of butterflies
 q - 12 scrolls of blinking
 w - 2 scrolls of fog
 x - 5 scrolls of magic mapping
 B - 8 scrolls of poison
 C - 20 scrolls of teleportation
 I - 6 scrolls of fear
 J - 5 scrolls of immolation
 Q - a scroll of silence
Potions
 g - 15 potions of heal wounds
 h - 7 potions of lignification
 m - 10 potions of brilliance
 o - 7 potions of haste
 s - a potion of resistance
 u - 28 potions of curing
 v - 3 potions of might
 A - 6 potions of flight
 F - 2 potions of mutation
 H - 3 potions of berserk rage
 K - 3 potions of magic
 V - 6 potions of cancellation
 X - 4 potions of ambrosia
 Z - 17 potions of attraction
Miscellaneous
 i - a phial of floods
 p - a lightning rod (4/4)
 U - a tin of tremorstones (2/2)
 W - a phantom mirror


   Skills:
 O Level 27 Fighting
 O Level 27 Axes
 O Level 27 Armour
 + Level 10.8 Dodging
 O Level 27 Shields
 - Level 2.3 Air Magic
 - Level 25.0 Invocations
 - Level 15.2 Evocations


You had 26 spell levels left.
You didn't know any spells.
Your spell library contained the following spells:

 Spells                   Type           Power      Damage    Failure   Level
 Poisonous Vapours        Pois/Air       2%         N/A       92%         2
 Static Discharge         Conj/Air       2%         2-3/arc   92%         2
 Apportation              Tloc           0%         N/A       93%         1
 Beastly Appendage        Tmut           0%         N/A       93%         1
 Foxfire                  Conj/Fire      0%         2x1d4     93%         1
 Kiss of Death            Conj/Necr      0%         2d5       93%         1
 Magic Dart               Conj           0%         1d3       93%         1
 Necrotise                Necr           0%         1d4       93%         1
 Sting                    Tmut/Pois      0%         1d3       93%         1
 Summon Small Mammal      Summ           0%         N/A       93%         1
 Cigotuvi's Dreadful Rot  Necr/Pois/Air  2%         N/A       95%         2
 Swiftness                Air            3%         N/A       95%         3
 Call Imp                 Summ           0%         N/A       98%         2
 Ensorcelled Hibernation  Hex/Ice        0%         N/A       98%         2
 Lesser Beckoning         Tloc           0%         N/A       98%         2
 Searing Ray              Conj           0%         2d4       98%         2
 Wereblood                Tmut           0%         N/A       98%         2
 Mephitic Cloud           Conj/Pois/Air  1%         N/A       99%         3
 Vhi's Electric Charge    Tloc/Air       2%         N/A       99%         3
 Confusing Touch          Hex            0%         N/A       100%        3
 Dazzling Flash           Conj/Hex       0%         N/A       100%        3
 Frozen Ramparts          Ice            0%         1d1       100%        3
 Hailstorm                Conj/Ice       0%         3d3       100%        3
 Ignite Poison            Fire/Tmut/Pois 0%         N/A       100%        3
 Inner Flame              Hex/Fire       0%         N/A       100%        3
 Ozocubu's Armour         Ice            0%         N/A       100%        3
 Portal Projectile        Hex/Tloc       0%         N/A       100%        3
 Spider Form              Tmut/Pois      0%         N/A       100%        3
 Stone Arrow              Conj/Erth      0%         3d7       100%        3
 Summon Guardian Golem    Hex/Summ       0%         N/A       100%        3
 Teleport Other           Tloc           0%         N/A       100%        3
 Tukima's Dance           Hex            0%         N/A       100%        3
 Volatile Blastmotes      Fire/Tloc      0%         2d10      100%        3
 Airstrike                Air            1%         2d(1-17)  100%        4
 Anguish                  Hex/Necr       0%         N/A       100%        4
 Animate Armour           Summ/Erth      0%         N/A       100%        4
 Dispel Undead            Necr           0%         3d6       100%        4
 Flame Wave               Conj/Fire      0%         2d4       100%        4
 Fulminant Prism          Conj/Hex       0%         3d5       100%        4
 Ice Form                 Ice/Tmut       0%         N/A       100%        4
 Iskenderun's Mystic Bla  Conj/Tloc      0%         2d3       100%        4
 Leda's Liquefaction      Hex/Erth       0%         N/A       100%        4
 Olgreb's Toxic Radiance  Pois           0%         N/A       100%        4
 Passage of Golubria      Tloc           0%         N/A       100%        4
 Petrify                  Tmut/Erth      0%         N/A       100%        4
 Sticky Flame             Conj/Fire      0%         2d3       100%        4
 Summon Ice Beast         Ice/Summ       0%         N/A       100%        4
 Summon Lightning Spire   Summ/Air       1%         N/A       100%        4
 Agony                    Necr           0%         N/A       100%        5
 Alistair's Intoxication  Tmut/Pois      0%         N/A       100%        5
 Arcjolt                  Conj/Air       0%         1d10      100%        5
 Blade Hands              Tmut           0%         N/A       100%        5
 Borgnjor's Vile Clutch   Necr/Erth      0%         N/A       100%        5
 Fireball                 Conj/Fire      0%         3d3       100%        5
 Freezing Cloud           Conj/Ice/Air   0%         6-21      100%        5
 Iskenderun's Battlesphe  Conj           0%         2d6       100%        5
 Lee's Rapid Deconstruct  Erth           0%         3d4*      100%        5
 Metabolic Englaciation   Hex/Ice        0%         N/A       100%        5
 Silence                  Hex/Air        0%         N/A       100%        5
 Summon Mana Viper        Hex/Summ       0%         N/A       100%        5
 Yara's Violent Unravell  Hex/Tmut       0%         3d3       100%        5
 Death Channel            Necr           0%         N/A       100%        6
 Eringya's Noxious Bog    Tmut/Pois      0%         N/A       100%        6
 Iron Shot                Conj/Erth      0%         9d1       100%        6
 Plasma Beam              Fire/Air       0%         2x1d11    100%        6
 Simulacrum               Ice/Necr       0%         N/A       100%        6
 Starburst                Conj/Fire      0%         6d3       100%        6
 Statue Form              Tmut/Erth      0%         N/A       100%        6
 Enfeeble                 Hex            0%         N/A       100%        7
 Monstrous Menagerie      Summ           0%         N/A       100%        7
 Orb of Destruction       Conj           0%         9d5       100%        7
 Ozocubu's Refrigeration  Ice            0%         4d7       100%        7
 Spellforged Servitor     Conj/Summ      0%         N/A       100%        7
 Storm Form               Tmut/Air       0%         N/A       100%        7
 Ignition                 Fire           0%         3d3       100%        8
 Lehudib's Crystal Spear  Conj/Erth      0%         10d2      100%        8
 Maxwell's Capacitive Co  Air            1%         ∞         100%        8
 Necromutation            Tmut/Necr      0%         N/A       100%        8
 Chain Lightning          Conj/Air       0%         2d1       100%        9
 Fire Storm               Conj/Fire      0%         5d1       100%        9


Dungeon Overview and Level Annotations

Branches:
Dungeon (15/15)            Temple (1/1) D:7            Lair (5/5) D:8
  Swamp (4/4) Lair:3       Spider (4/4) Lair:2        Slime (5/5) Lair:4
    Orc (2/2) D:10            Elf (3/3) Orc:2        Vaults (5/5) D:13
  Crypt (2/3) Vaults:2     Depths (4/4) D:15            Zot (5/5) Depths:4
  IceCv (visited)         Volcano (visited)         Gauntlet (visited)

Altars:
Ashenzari
Cheibriados
Dithmenos
Elyvilon
Fedhas
Gozag
Hepliaklqana
Kikubaaqudgha
Makhleb
Nemelex Xobeh
Okawaru
Qazlal
Ru
Sif Muna
Trog
Uskayaw
Vehumet
Wu Jian
Xom
Yredelemnul
Zin
The Shining One
Jiyva

Shops:
D:4 [   D:5 ?=((!   D:8 [!:   D:9 [   D:15 =   Orc:2 [:?(   Elf:3 *
Vaults:1 (   Vaults:2 *   Vaults:3 !   Vaults:5 (   Depths:4 =:=

Portals:
Hell: Depths:1 Depths:2 Depths:3 Depths:4
Abyss: Depths:2 Depths:3
Pandemonium: Depths:1 Depths:2 Depths:4
Ziggurat: Depths:4
Trove: Elf:3 (give horn of Geryon)

Annotations:
D:3 3 runed translucent doors, Fractals's ghost, amateur TeRe
Zot:2 2 transporters, exclusion: orange crystal statue, Buqaf's ghost, master GnWn; Qedehuc's ghost, master DECj; Wanocsut's ghost, veteran MiMo


Innate Abilities, Weirdness & Mutations

You are mostly covered in iridescent scales. (AC +4)
You have a somewhat thin skeletal structure. (Dex +2, Stealth+)
You are agile. (Dex +4, Str/Int -1)
You are occasionally teleported next to monsters.
You are very vulnerable to cold. (rC--)
You occasionally lose the ability to drink potions when taking damage.


Message History

A demonspawn blood saint comes into view.
It is wielding a +0 dagger.
You feel yourself speed up. The hell hog breathes fire at you.
The fireball explodes!
The fireball engulfs you but does no damage.
The hell hog breathes fire at you.
The fireball explodes!
The fireball engulfs you but does no damage.
There is a stone staircase leading up here.
You fly upwards.
There is a stone staircase leading down here.
Your extra speed is starting to run out.
You feel yourself slow down.
There is an escape hatch in the ceiling here.
A mysterious force pulls you upwards. The hatch slams shut behind you.
You see here a +0 plate armour.
There is a stone staircase leading up here.
You fly upwards.
Level annotation: 3 runed translucent doors, Fractals's ghost, amateur TeRe
There is a stone staircase leading down here.
There is a stone staircase leading up here.
You fly upwards.
There is a stone staircase leading down here.
There is a stone staircase leading up here.
You fly upwards.
There is a stone staircase leading down here.
A hellion comes into view.
Okay, then.
Unknown command.
You completely miss the hellion. You slice the hellion!!
You freeze the hellion!
You kill the hellion!
The Shining One accepts your kill.
Aiming: Dig
Press: ? - help, Shift-Dir - straight line A rock wall.
This square is lit by a halo and is covered in magical glow.
The rock shatters into small pieces.
There is a staircase leading out of the dungeon here.
You have escaped!

.....###.###.##.#
#.####
.##......##.....# #.#
.##.####.##'###.#
####.# ###.# #.##.###.#
#....# ###.#
###...##.####.####
....# ##..(##..##...#
###.#####.(..(#...##..#
#.....#.(.((#(..##..#
#.#####((8(.'(@.##..#
###.# #(..((#(..##..#
..#.## #..(((#...##..#
...#.# ##.((###.###..#
..#.## #(.(# ### #..#
.#### ##.## #..# .# #+#
#..###### .#
####.########.......#
.#
#..............####.#


There were no monsters in sight!

Vanquished Creatures
  the Royal Jelly (Slime:5)
  3 dread liches
  Khufu (Crypt:2)
  7 orbs of fire (Zot:5)
  3 ancient liches (Zot:5)
  Mennas (Crypt:2)
  A juggernaut (Depths:3)
  A royal mummy (Crypt:2)
  Josephina (Zot:4)
  6 Killer Klowns
  Bai Suzhen (Swamp:3)
  8 curse toes
  6 caustic shrikes
  Margery (Vaults:3)
  Saint Roka (Depths:3)
  Xtahua (Vaults:2)
  10 golden dragons
  Nikola (Elf:1)
  Jory (Crypt:2)
  Arachne (Spider:3)
  3 electric golems
  Jorgrun (Swamp:3)
  Rupert (D:13)
  27 Orb Guardians
  4 deep elf blademasters (Elf:3)
  27 tentacled monstrosities
  2 liches
  Asterion (Spider:4)
  7 titans
  8 quicksilver dragons
  2 deep elf master archers (Elf:3)
  17 acid blobs
  7 death cobs
  Frances (D:14)
  An Executioner (Depths:1)
  An ancient champion (Crypt:2)
  4 thorn hunters
  6 sphinxes
  13 shadow dragons
  16 storm dragons
  Donald (Vaults:4)
  Roxanne (D:14)
  4 tengu reavers
  A demonspawn warmonger (Depths:1)
  4 draconian monks
  10 azure jellies
  Kirke (D:14)
  6 draconian knights
  A revenant (Crypt:1)
  10 rockslimes
  10 frost giants
  6 emperor scorpions
  15 vault wardens
  7 draconian scorchers
  9 deep elf sorcerers
  3 balrugs
  5 fire giants
  Aizul (Spider:2)
  4 iron dragons (Depths:3)
  Louise (Swamp:3)
  A curse skull (Crypt:1)
  5 draconian annihilators
  3 ghouls (Crypt:2)
  2 orc warlords
  4 cacodemons
  4 draconian shifters
  4 draconian stormcallers
  6 ghost moths
  3 deep elf elementalists (Elf:3)
  7 quicksilver oozes
  12 ironbound preservers
  3 broodmothers
  A spriggan defender (Depths:3)
  13 stone giants
  6 war gargoyles
  8 vampire knights
  2 eleionomae
  8 ironbound thunderhulks
  23 very ugly things
  10 black draconians
  7 purple draconians
  11 green draconians
  A minotaur (Gauntlet)
  2 bunyips
  7 deep elf demonologists
  11 deep elf annihilators
  5 spark wasps
  Snorg (Lair:5)
  13 dire elephants
  6 white draconians
  11 red draconians
  11 yellow draconians
  The ghost of mangeymoose the Cleaver, a journeyman MiFi of Gozag (Lair:2)
  3 mummy priests (Crypt:2)
  5 crystal guardians
  9 deep elf death magi
  An acid blob zombie (Crypt:2)
  A green death (Gauntlet)
  5 jiangshi
  6 deep elf high priests
  13 fire dragons
  11 ettins
  8 yaktaur captains
  5 entropy weavers
  A fenstrider witch zombie (Crypt:1)
  A hell beast (D:13)
  4 rakshasas
  15 hydras
  11 ice dragons
  9 great orbs of eyes
  35 vault guards
  2 caustic shrike simulacra (IceCv)
  7 spriggan air magi
  9 centaur warriors
  8 ironbound frosthearts
  4 radroaches
  3 death knights
  5 peacekeepers
  7 ogre magi
  2 jorogumos (Spider:2)
  A spriggan skeleton (Crypt:2)
  34 dancing weapons
  6 boulder beetles
  8 alligators
  23 two-headed ogres
  2 death yaks (Lair:5)
  2 catoblepae
  A bennu skeleton (Crypt:1)
  8 deep troll earth magi
  5 deep troll shamans
  A hell hog (Depths:1)
  2 tengu warriors
  Urug (Lair:1)
  A titan zombie (Crypt:2)
  2 vampire magi
  7 spriggan berserkers
  12 deep elf knights
  4 sun demons
  20 hell knights
  3 sixfirhies
  4 soul eaters
  11 skeletal warriors (Crypt:2)
  2 skysharks
  3 iron trolls
  8 pharaoh ants
  Nergalle (Lair:1)
  A shadow wraith (Vaults:5)
  2 sun moths
  4 goliath frogs
  A flayed ghost (Depths:3)
  39 deep trolls
  7 swamp dragons
  5 glowing orange brains
  10 orb spiders
  5 spriggan druids
  11 phantasmal warriors
  2 orange crystal statues (IceCv)
  9 lindwurms
  2 bog bodies
  6 deep elf archers (Elf:1)
  16 ironbound convokers
  7 steelbarb worms
  An obsidian statue (D:13)
  14 necromancers
  22 deep elf pyromancers
  7 orc knights
  An anaconda skeleton (Crypt:2)
  8 wizards
  A frost giant zombie (Depths:2)
  A shadow dragon zombie (Depths:2)
  22 deep elf zephyrmancers
  42 ugly things
  3 harpies (Vaults:3)
  5 shining eyes
  A fire giant zombie (Depths:2)
  23 wolf spiders
  6 cyclopes
  3 will-o-the-wisps
  2 orc sorcerers
  30 moths of wrath
  2 cyclopes (shapeshifter)
  4 manticores
  4 elephants (Lair:5)
  3 demonic crawlers
  6 black mambas
  A cane toad (shapeshifter) (Vaults:4)
  25 vault sentinels
  10 apocalypse crabs (Zot:2)
  2 molten gargoyles (Volcano)
  4 orange demons
  Maurice (D:13)
  4 smoke demons
  3 eyes of devastation
  12 cane toads
  4 torpor snails
  4 rime drakes
  10 freezing wraiths
  6 komodo dragons
  4 unseen horrors
  A minotaur zombie (Gauntlet)
  5 tengu conjurers
  2 efreet
  2 hellions
  4 kobold demonologists
  An anaconda simulacrum (IceCv)
  15 yaktaurs
  3 ice devils
  2 golden dragon simulacra (IceCv)
  3 red devils
  4 polar bears
  A black draconian skeleton (Crypt:1)
  28 tarantellas
  A troll (shapeshifter) (D:15)
  A bloated husk (Swamp:4)
  4 meliai
  A wolf spider simulacrum (D:15)
  27 hornets
  4 tyrant leeches
  2 hellwings (Depths:2)
  13 trolls
  5 dream sheep (Lair:5)
  25 blink frogs
  2 harpy skeletons (Crypt:1)
  An elf zombie (Vaults:3)
  A meliai zombie (Crypt:2)
  97 slime creatures
  A dream sheep (shapeshifter) (Vaults:5)
  42 jumping spiders
  5 vampires
  4 large abominations (Depths:3)
  2 air elementals (Elf:3)
  2 centaur simulacra (Gauntlet)
  26 culicivoras
  An ice dragon skeleton (Crypt:1)
  28 spriggans
  7 water elementals
  A shadow (D:12)
  A dire elephant simulacrum (IceCv)
  16 humans (D:13)
  12 wraiths
  33 yaks
  2 fire bats (Volcano)
  4 fire elementals
  6 wyverns
  A ynoxinul (Depths:1)
  10 golden eyes
  2 hogs (D:14)
  2 chaos spawn
  2 neqoxecs
  56 redbacks
  3 basilisks
  5 wargs
  2 steam dragons
  A white draconian simulacrum (Zot:4)
  14 swamp worms
  12 vampire mosquitoes
  4 acid dragons
  4 harpy simulacra (IceCv)
  2 naga zombies
  8 water moccasins
  A demonspawn skeleton (Crypt:1)
  2 floating eyes
  3 swamp drakes (Swamp:4)
  22 orc warriors
  An alligator simulacrum (IceCv)
  3 ice beasts
  An ogre (shapeshifter) (Elf:1)
  5 black bears
  A sky beast (D:7)
  31 wolves
  4 ettin simulacra
  8 boggarts
  23 ogres
  15 centaurs
  A kobold brigand (D:8)
  3 phantoms
  8 small abominations (Depths:3)
  9 bullfrogs
  3 earth elementals
  A necrophage (Crypt:2)
  2 gnoll sergeants
  5 scorpions
  A fire crab zombie (Crypt:1)
  A human skeleton (Vaults:3)
  5 wights
  A hornet simulacrum (Gauntlet)
  2 jellies
  3 killer bees (D:9)
  A polar bear zombie (Crypt:1)
  2 lindwurm simulacra (IceCv)
  A human simulacrum (Vaults:3)
  6 howler monkeys
  4 electric eels
  7 lava snakes (Volcano)
  A black bear zombie (Crypt:1)
  4 hounds
  A gnoll bouda (D:10)
  17 orc priests
  A sleepcap (D:6)
  A centaur skeleton (Crypt:1)
  Ijyb (D:3)
  4 iguanas
  22 orc wizards
  4 hell rats (Lair:3)
  A deep dwarf zombie (Crypt:1)
  4 adders
  8 gnolls
  2 shadow imps
  3 white imps
  An ufetubus (D:4)
  An iguana skeleton (Crypt:2)
  3 worms
  2 dart slugs
  81 orcs
  4 endoplasms
  6 giant cockroaches
  6 goblins
  7 hobgoblins
  4 jackals (D:2)
  15 kobolds
  2 quokkas
  6 ball pythons
  6 bats
  6 frilled lizards
  4 rats (D:1)
  A river rat skeleton (Crypt:1)
  A spectral weapon (Spider:4)
2299 creatures vanquished.

Vanquished Creatures (collateral kills)
  A dread lich (Vaults:5)
  An ancient lich (Vaults:5)
  An orb of fire (Zot:4)
  A royal mummy (Crypt:2)
  A golden dragon (Vaults:5)
  A tentacled monstrosity (Vaults:5)
  A quicksilver dragon (Vaults:5)
  2 acid blobs
  2 storm dragons (Vaults:5)
  A draconian knight (Zot:4)
  An iron dragon (Vaults:5)
  A frost giant (Vaults:5)
  An ironbound preserver (Vaults:5)
  A very ugly thing (Depths:3)
  A war gargoyle (Vaults:5)
  A deep elf demonologist (Vaults:5)
  2 dire elephants (Vaults:3)
  A jiangshi (Crypt:2)
  An ettin (Vaults:5)
  A shambling mangrove (Swamp:4)
  A salamander tyrant (Depths:1)
  A vault guard (Vaults:5)
  An ironbound frostheart (Vaults:2)
  A boulder beetle (Vaults:2)
  2 hell hogs (Depths:1)
  2 hell knights
  A shadow wraith (Crypt:2)
  2 deep trolls (Vaults:2)
  2 swamp dragons (Swamp:4)
  An ironbound convoker (Vaults:5)
  2 phantasmal warriors (Vaults:5)
  A necromancer (Vaults:3)
  A shining eye (Slime:3)
  3 ugly things
  3 salamanders (Depths:1)
  A moth of wrath (Zot:4)
  A torpor snail (shapeshifter) (Vaults:5)
  2 smoke demons (Depths:1)
  An orange demon (Depths:1)
  3 rime drakes (Swamp:4)
  A freezing wraith (Crypt:2)
  A guardian mummy (Crypt:2)
  A hydra skeleton (Crypt:2)
  2 hornets
  A tarantella (shapeshifter) (Vaults:5)
  3 spriggans
  5 slime creatures
  A wraith (Crypt:2)
  A golden eye (Slime:3)
  A fire bat (shapeshifter) (Vaults:5)
  A purple draconian simulacrum (Zot:4)
  A swamp worm (Swamp:4)
  A swamp drake (Swamp:4)
  A human zombie (Crypt:2)
  An orc priest (Depths:3)
  A tengu zombie (Crypt:2)
  A mummy (Crypt:2)
  2 orcs (Depths:3)
  A hobgoblin skeleton (Crypt:2)
82 creatures vanquished.

Vanquished Creatures (others)
  A draconian scorcher (Zot:4)
  A tengu warrior (D:13)
  A deep elf knight (Elf:2)
  A quicksilver dragon simulacrum (Zot:4)
  A moth of wrath (Zot:5)
  A tengu conjurer (Depths:1)
  A ghost moth simulacrum (Zot:4)
  2 hornets
  A bloated husk (Swamp:2)
  A basilisk (D:13)
  An orc (Depths:3)
  12 foxfires
24 creatures vanquished.

Grand Total: 2405 creatures vanquished

Notes
Turn   | Place    | Note
-------+----------+-------------------------------------------
     0 | D:1      | bwicke the Hill Orc Fighter began the quest for the Orb.
     0 | D:1      | Reached XP level 1. HP: 19/19 MP: 1/1
   168 | D:1      | Reached XP level 2. HP: 25/26 MP: 2/2
   441 | D:1      | Reached XP level 3. HP: 31/31 MP: 3/3
   862 | D:2      | Reached skill level 5 in Axes
  1013 | D:2      | Reached XP level 4. HP: 6/39 MP: 4/4
  1429 | D:2      | Got Kikubaaqudgha's Handbook of Profane Liturgies
  1778 | D:3      | Reached XP level 5. HP: 35/45 MP: 5/5
  1870 | D:3      | Found a runed translucent gate.
  1870 | D:3      | Found a runed translucent gate.
  1870 | D:3      | Found a runed translucent gate.
  2165 | D:3      | Identified 2 scrolls of acquirement
  2165 | D:3      | Acquired 927 gold pieces
  2206 | D:3      | Noticed Ijyb
  2212 | D:3      | Killed Ijyb
  2357 | D:3      | Noticed Fractals's ghost (amateur TeRe)
  2558 | D:4      | Reached XP level 6. HP: 51/51 MP: 6/6
  2565 | D:4      | Noticed a black bear
  2595 | D:4      | Killed a black bear
  2868 | D:4      | Found Ullemm's Armour Shop.
  2980 | D:4      | Found a shadowy altar of Dithmenos.
  3169 | D:4      | Reached XP level 7. HP: 46/57 MP: 7/7
  3298 | D:5      | Entered Level 5 of the Dungeon
  3343 | D:5      | Reached skill level 10 in Axes
  3646 | D:5      | Acquired 1129 gold pieces
  3918 | D:5      | Found Saco's Magic Scroll Shoppe.
  3926 | D:5      | Bought a scroll of poison for 56 gold pieces
  3926 | D:5      | Bought a scroll of teleportation for 42 gold pieces
  3926 | D:5      | Bought a scroll of identify for 28 gold pieces
  3926 | D:5      | Bought a scroll of identify for 28 gold pieces
  3937 | D:5      | Found Guotzare's Jewellery Shop.
  3965 | D:5      | Reached XP level 8. HP: 60/64 MP: 8/8
  3979 | D:5      | Found a glowing silver altar of Zin.
  3998 | D:5      | Identified the amulet of Resiuri {Spirit rC++}
  4092 | D:5      | Found Maloem's Weapon Emporium.
  4098 | D:5      | Bought the +10 broad axe of Rezxirch {freeze, rPois Str+4}
                  | for 998 gold pieces
  4107 | D:5      | Identified the +0 ring mail of Responsibility {Contam rElec
                  | Dex-3 Slay+6}
  4317 | D:5      | Found Ifynwy Fumoph's Antique Weapon Shop.
  4387 | D:5      | Found an ancient bone altar of Kikubaaqudgha.
  4387 | D:5      | Found a faded altar of an unknown god.
  4394 | D:5      | Found a faded altar of an unknown god.
  4396 | D:5      | Found a glowing golden altar of the Shining One.
  4398 | D:5      | Found a stormy altar of Qazlal.
  4403 | D:5      | Became a worshipper of the Shining One
  4584 | D:5      | Found Eguhuced's Distillery.
  4610 | D:5      | Bought a potion of curing for 30 gold pieces
  4610 | D:5      | Bought a potion of heal wounds for 50 gold pieces
  4610 | D:5      | Bought a potion of heal wounds for 50 gold pieces
  4772 | D:6      | Found a broken altar of Ashenzari.
  4965 | D:6      | Noticed a two-headed ogre
  4969 | D:6      | Killed a two-headed ogre
  4970 | D:6      | Reached XP level 9. HP: 70/70 MP: 9/9
  5427 | D:6      | Reached skill level 15 in Axes
  5738 | D:7      | Found a staircase to the Ecumenical Temple.
  5744 | Temple   | Entered the Ecumenical Temple
  5744 | Temple   | Found a transporter.
  5744 | Temple   | Found a transporter.
  5746 | Temple   | Found a transporter.
  5746 | Temple   | Found a transporter.
  5833 | D:7      | Identified the ring "Hacuid" {Contam rF+ Slay+2 SInv}
  6494 | D:8      | Noticed a cyclops
  6495 | D:8      | Reached skill level 5 in Invocations
  6727 | D:8      | Noticed a manticore
  6736 | D:8      | Killed a manticore
  6810 | D:8      | Reached * piety under the Shining One
  6820 | D:8      | Reached XP level 10. HP: 54/77 MP: 12/16
  6828 | D:8      | Found a staircase to the Lair.
  6834 | D:8      | Reached skill level 10 in Invocations
  6841 | D:8      | Found Buneim Rino's Antique Armour Shoppe.
  6903 | D:8      | Killed a cyclops
  7314 | D:8      | Found Heagiq's Book Boutique.
  7319 | D:8      | Found Ytogg's Distillery.
  7502 | D:9      | Found a hide-covered altar of Uskayaw.
  7526 | D:9      | Reached skill level 5 in Fighting
  7642 | D:9      | Noticed a kobold demonologist
  7648 | D:9      | Killed a kobold demonologist
  7848 | D:9      | Noticed a kobold demonologist
  7848 | D:9      | Noticed a kobold demonologist
  7864 | D:9      | Killed a kobold demonologist
  7864 | D:9      | Reached ** piety under the Shining One
  7891 | D:9      | Noticed a manticore
  7914 | D:9      | Noticed a two-headed ogre
  7917 | D:9      | Noticed a two-headed ogre
  7922 | D:9      | Killed a two-headed ogre
  7923 | D:9      | Reached XP level 11. HP: 87/99 MP: 16/19
  7924 | D:9      | Killed a two-headed ogre
  7925 | D:9      | Reached skill level 10 in Fighting
  7932 | D:9      | Noticed a two-headed ogre
  7935 | D:9      | Killed a two-headed ogre
  8058 | D:9      | Killed a manticore
  8060 | D:9      | Noticed a purple ugly thing
  8069 | D:9      | Killed a purple ugly thing
  8350 | D:9      | Noticed a deep elf pyromancer
  8359 | D:9      | Killed a deep elf pyromancer
  8467 | D:9      | Found Rithred's Armour Shoppe.
  8476 | D:9      | Bought a +0 buckler of protection for 161 gold pieces
  8967 | Lair:1   | Entered Level 1 of the Lair of Beasts
  9383 | Lair:1   | Noticed Urug
  9396 | Lair:1   | Killed Urug
  9656 | Lair:1   | Reached XP level 12. HP: 74/107 MP: 14/20
  9670 | Lair:1   | Reached skill level 5 in Armour
  9800 | Lair:1   | Noticed Nergalle
  9818 | Lair:1   | Killed Nergalle
 10451 | Lair:2   | Identified the +1 robe of the Parsimonious God {Dex+8
                  | Stlth-}
 10479 | Lair:2   | Noticed a skyshark
 10488 | Lair:2   | Killed a skyshark
 10735 | Lair:2   | Reached skill level 5 in Shields
 10799 | Lair:2   | Identified the +3 leather armour of Gatzusa {rPois Int+2}
 10830 | Lair:2   | Noticed a boulder beetle
 10831 | Lair:2   | Found a hole to the Spider Nest.
 10839 | Lair:2   | Reached *** piety under the Shining One
 10850 | Lair:2   | Killed a boulder beetle
 10950 | Lair:2   | Found a runed translucent door.
 10951 | Lair:2   | Noticed mangeymoose's ghost (journeyman MiFi)
 10951 | Lair:2   | Noticed an eight-headed hydra
 11039 | Lair:2   | Gained mutation: You possess an exceptional clarity of
                  | mind. [potion of mutation]
 11039 | Lair:2   | Gained mutation: Your system is resistant to poisons.
                  | (rPois) [potion of mutation]
 11098 | Lair:2   | Noticed a five-headed hydra
 11106 | Lair:2   | Killed a nine-headed hydra
 11822 | Lair:3   | Noticed a catoblepas
 11842 | Lair:3   | Killed a catoblepas
 11969 | Lair:3   | Found a staircase to the Swamp.
 12317 | Lair:3   | Noticed a skyshark
 12321 | Lair:3   | Killed a skyshark
 12322 | Lair:3   | Reached XP level 13. HP: 114/114 MP: 21/21
 12527 | Lair:4   | Found a viscous altar of Jiyva.
 12528 | Lair:4   | Found a staircase to the Slime Pits.
 12671 | Lair:4   | Reached skill level 10 in Shields
 13101 | Lair:4   | Got An Early Guide to Wizarding
 13508 | Lair:5   | Entered Level 5 of the Lair of Beasts
 13758 | Lair:5   | Found a gate leading to a gauntlet.
 13810 | Gauntlet | Entered a Gauntlet
 13810 | Gauntlet | Reached **** piety under the Shining One
 13810 | Gauntlet | Found a transporter.
 13810 | Gauntlet | Found a transporter.
 13816 | Gauntlet | Found a transporter.
 13828 | Gauntlet | Found a transporter.
 13847 | Gauntlet | Found a transporter.
 13847 | Gauntlet | Found a transporter.
 13847 | Gauntlet | Noticed a quicksilver ooze
 13849 | Gauntlet | Found a transporter.
 13852 | Gauntlet | Found a transporter.
 13852 | Gauntlet | Found a transporter.
 13856 | Gauntlet | Noticed a green death
 13865 | Gauntlet | Found a transporter.
 13981 | Gauntlet | Found a transporter.
 14005 | Gauntlet | Found a transporter.
 14009 | Gauntlet | Found a transporter.
 14058 | Gauntlet | Found a transporter.
 14189 | Gauntlet | Killed a quicksilver ooze
 14209 | Gauntlet | Identified the +5 hat "Kacas" {rElec rF+}
 14227 | Gauntlet | Identified the ring of Lies {Fire rElec}
 14237 | Gauntlet | Killed a green death
 14329 | Gauntlet | Noticed a minotaur
 14340 | Gauntlet | Killed a minotaur
 14341 | Gauntlet | Reached skill level 5 in Evocations
 14350 | Gauntlet | Acquired the +7 executioner's axe of the Extremes {speed,
                  | *Noise rElec rCorr Int+4}
 14585 | Lair:5   | Reached XP level 14. HP: 120/129 MP: 20/22
 14693 | Lair:5   | Noticed Snorg
 14702 | Lair:5   | Killed Snorg
 14828 | Lair:5   | Reached skill level 10 in Evocations
 15500 | Lair:2   | Killed mangeymoose's ghost
 15502 | Lair:2   | Identified the staff of earth "Ronwoat" {rF++ Int-3 Dex+3}
 15708 | D:10     | Entered Level 10 of the Dungeon
 15865 | D:10     | Found a bloodstained altar of Trog.
 15867 | D:10     | Identified the +2 chain mail of Ru, Kissing {Will+}
 16016 | D:10     | Found a staircase to the Orcish Mines.
 16072 | D:10     | Reached skill level 15 in Fighting
 16228 | D:10     | Reached ***** piety under the Shining One
 16652 | D:11     | Acquired a manual of Shields
 16682 | D:11     | Acquired the ring of Xietimp {rCorr MP+9}
 16823 | D:11     | Reached skill level 10 in Armour
 17225 | D:12     | Found a white marble altar of Elyvilon.
 17235 | D:12     | Identified the +2 robe of Resilience {Rampage rN+ Dex-5}
 17446 | D:12     | Reached XP level 15. HP: 139/141 MP: 23/23
 17747 | D:13     | Noticed Rupert
 17747 | D:13     | Found a gate to the Vaults.
 17751 | D:13     | Killed Rupert
 18495 | D:13     | Found a transporter.
 18549 | D:13     | Found a transporter.
 18821 | D:13     | Noticed Maurice
 18823 | D:13     | Killed Maurice
 18824 | D:13     | Found an ancient bone altar of Kikubaaqudgha.
 19389 | D:14     | Noticed Frances
 19407 | D:14     | Killed Frances
 19475 | D:14     | Reached ****** piety under the Shining One
 19873 | D:14     | Noticed Kirke
 19883 | D:14     | Killed Kirke
 20085 | D:14     | Noticed Roxanne
 20104 | D:14     | Killed Roxanne
 20636 | D:14     | Reached XP level 16. HP: 149/149 MP: 26/26
 20755 | D:14     | Reached skill level 15 in Invocations
 21001 | D:15     | Entered Level 15 of the Dungeon
 21136 | D:15     | Found a shadowy altar of Dithmenos.
 21190 | D:15     | Found Efuga's Jewellery Emporium.
 21432 | D:15     | Found a staircase to the Depths.
 21637 | D:15     | Found a shimmering blue altar of Sif Muna.
 21982 | Lair:5   | Identified a +5 broad axe of holy wrath (a +3 broad axe of
                  | freezing blessed by the Shining One)
 21982 | Lair:5   | Received a gift from the Shining One
 22221 | Orc:1    | Entered Level 1 of the Orcish Mines
 22269 | Orc:1    | Found a dark tunnel.
 22290 | Volcano  | Entered a volcano
 22527 | Volcano  | Found a burning altar of Makhleb.
 23146 | Orc:2    | Entered Level 2 of the Orcish Mines
 23203 | Orc:2    | Found a staircase to the Elven Halls.
 23397 | Orc:2    | Found Goloy's Magic Scroll Boutique.
 23398 | Orc:2    | Found Edah's Armour Shoppe.
 23528 | Orc:2    | Found Muulays's Book Shop.
 23690 | Orc:2    | Found Plog's Weapon Shop.
 23719 | Orc:2    | Bought a scroll of identify for 28 gold pieces
 23719 | Orc:2    | Bought a scroll of teleportation for 42 gold pieces
 23719 | Orc:2    | Bought a scroll of identify for 28 gold pieces
 23951 | Orc:2    | Bought a scroll of silence for 133 gold pieces
 23951 | Orc:2    | Bought a scroll of enchant armour for 105 gold pieces
 24161 | Swamp:1  | Entered Level 1 of the Swamp
 24161 | Swamp:1  | Noticed a thorn hunter
 24395 | Spider:1 | Entered Level 1 of the Spider Nest
 24629 | Spider:1 | Reached XP level 17. HP: 121/160 MP: 28/28
 24753 | Spider:1 | You fall into a shaft and drop 1 floor!
 25731 | Spider:2 | Noticed Aizul
 25742 | Spider:2 | Killed Aizul
 26967 | Spider:3 | Got Dof Mis's Codex of Impulse
 27342 | Spider:3 | Noticed Arachne
 27355 | Spider:3 | Killed Arachne
 27457 | Spider:4 | Entered Level 4 of the Spider Nest
 27602 | Spider:4 | Reached XP level 18. HP: 157/168 MP: 32/32
 27863 | Spider:4 | Noticed Asterion
 27886 | Spider:4 | Killed Asterion
 28672 | Spider:4 | Got a gossamer rune of Zot
 29043 | Vaults:1 | Entered Level 1 of the Vaults
 29136 | Vaults:1 | Reached skill level 15 in Shields
 29831 | Vaults:1 | Found Ogasmuj's Weapon Boutique.
 30404 | Vaults:1 | Paralysed by a great orb of eyes for 3 turns
 30550 | D:13     | Reached XP level 19. HP: 174/174 MP: 33/33
 30575 | D:13     | Identified the amulet "Cucez" {RegenMP rElec rC- Int+4
                  | Slay+2}
 31255 | Swamp:1  | Identified the +4 hand axe of Qeuqur {pain, Will- Str+5
                  | Dex+3}
 31406 | Swamp:2  | Noticed a tentacled monstrosity
 31417 | Swamp:2  | Killed a tentacled monstrosity
 31686 | Swamp:2  | Acquired the +2 broad axe of Crusades {antimagic, Str+3}
 32026 | Swamp:3  | Noticed Louise
 32041 | Swamp:3  | Killed Louise
 32213 | Swamp:3  | Noticed Jorgrun
 32230 | Swamp:3  | Killed Jorgrun
 32561 | Swamp:3  | Noticed Bai Suzhen
 32577 | Swamp:3  | Killed Bai Suzhen
 32764 | Swamp:3  | Identified the ring "Jeelom" {rC+ Int+3}
 32907 | Swamp:4  | Entered Level 4 of the Swamp
 33122 | Swamp:4  | Got a decaying rune of Zot
 34208 | Vaults:2 | Found Bumiso's General Store.
 34255 | Vaults:2 | Bought a scroll of silence for 209 gold pieces
 34255 | Vaults:2 | Bought a scroll of enchant weapon for 165 gold pieces
 34255 | Vaults:2 | Bought 2 potions of heal wounds for 220 gold pieces
 34395 | Vaults:2 | Noticed Xtahua
 34408 | Vaults:2 | Killed Xtahua
 34409 | Vaults:2 | Reached XP level 20. HP: 84/191 MP: 22/35
 35273 | Vaults:2 | Found a staircase to the Crypt.
 35280 | Vaults:2 | Acquired the ring of Ygouh Dimue {rPois rF+++ rCorr Str-2
                  | Stlth+}
 35281 | Vaults:2 | Acquired the ring "Tuiqot" {Fly Slay+3 Stlth+}
 35282 | Vaults:2 | Acquired a manual of Armour
 35295 | Vaults:2 | Gained mutation: You occasionally lose the ability to drink
                  | potions when taking damage. [mutagenic glow]
 35676 | Vaults:3 | Reached skill level 15 in Armour
 36253 | Vaults:3 | Found Ozis's Distillery.
 36271 | Vaults:3 | Bought 2 potions of heal wounds for 190 gold pieces
 36271 | Vaults:3 | Bought a potion of might for 76 gold pieces
 36271 | Vaults:3 | Bought a potion of curing for 57 gold pieces
 36271 | Vaults:3 | Bought a potion of might for 76 gold pieces
 36271 | Vaults:3 | Bought 2 potions of cancellation for 304 gold pieces
 36372 | Vaults:3 | Noticed Margery
 36413 | Vaults:3 | Killed Margery
 37071 | Vaults:3 | Identified the ring of the Invisible Hand {Fire Str+2}
 37485 | Vaults:4 | Acquired 842 gold pieces
 37570 | Vaults:4 | Reached XP level 21. HP: 195/198 MP: 36/36
 37891 | Vaults:4 | Noticed Donald
 37910 | Vaults:4 | Killed Donald
 38060 | Vaults:4 | Identified the scarf of the Wheelwright {repulsion, rF+++
                  | Int+3 Slay-4}
 38069 | Vaults:4 | Paralysed by a sphinx for 5 turns
 38081 | Vaults:4 | Paralysed by a sphinx for 4 turns
 38508 | Vaults:5 | Entered Level 5 of the Vaults
 38519 | Vaults:5 | Noticed an ancient lich
 38586 | Vaults:5 | Noticed a golden dragon
 38591 | Vaults:5 | HP: 10/206 [deep elf annihilator/crystal spear (35)]
 38593 | Vaults:5 | The Shining One protects you from harm!
 38603 | Vaults:5 | HP: 3/207 [yaktaur captain/bolt (26)]
 38605 | Vaults:5 | The Shining One protects you from harm!
 38981 | Vaults:5 | Noticed a dread lich
 38987 | Vaults:5 | Killed a golden dragon
 38997 | Vaults:5 | Killed a dread lich
 39103 | Vaults:5 | Killed an ancient lich
 39135 | Vaults:5 | Reached XP level 22. HP: 75/220 MP: 29/37
 39338 | Vaults:5 | Got a silver rune of Zot
 39353 | Vaults:5 | Noticed a golden dragon
 39361 | Vaults:5 | Killed a golden dragon
 39398 | Vaults:5 | Identified the staff of conjuration "Qugokomi" {*Slow rF+
                  | rC+ Dex+2 Stlth+}
 39587 | Vaults:5 | Found Meihuyreing's Antique Weapon Boutique.
 39592 | Vaults:5 | Identified the +2 morningstar "Loikifio" {freeze, rN++
                  | Will- Str+5}
 39602 | Vaults:5 | Identified the +3 robe of the Conjuring Gods {rElec Str-5
                  | Int+5 SInv}
 39940 | Vaults:5 | Identified the +11 sling "Umeat" {freeze, Fly Str+3 Int-3}
 40798 | D:5      | Bought a scroll of enchant armour for 105 gold pieces
 40799 | D:5      | Bought a scroll of enchant weapon for 105 gold pieces
 40799 | D:5      | Bought a scroll of acquirement for 728 gold pieces
 40799 | D:5      | Bought a scroll of enchant armour for 105 gold pieces
 40801 | D:5      | Acquired 938 gold pieces
 41001 | Slime:1  | Entered Level 1 of the Pits of Slime
 41099 | Slime:2  | Gained mutation: Your spells are a little easier to cast,
                  | but a little less powerful. [a shining eye]
 41499 | Slime:4  | Gained mutation: You sometimes lose the ability to drink
                  | potions when taking damage. [a shining eye]
 42663 | Slime:5  | Entered Level 5 of the Pits of Slime
 42820 | Slime:5  | Reached XP level 23. HP: 125/236 MP: 26/39
 43264 | Slime:5  | Found a viscous altar of Jiyva.
 43265 | Slime:5  | Found the +3 pair of gauntlets of War {Slay+5}
 43300 | Slime:5  | Noticed the Royal Jelly
 43333 | Slime:5  | Killed the Royal Jelly
 43404 | Slime:5  | Identified the +5 falchion "Zaamofaxt" {pain, Int+5}
 43418 | Slime:5  | Identified the staff of air "Noyfig" {rElec rN+}
 43446 | Slime:5  | Got the Atlas of the Amalgamated Map
 43447 | Slime:5  | Identified the +3 kite shield of Classification {rCorr
                  | Int-3 Dex+6 Stlth-}
 43528 | Slime:5  | Got a slimy rune of Zot
 43566 | Slime:5  | Gained mutation: Your magical capacity is low. (-10% MP)
                  | [mutagenic glow]
 43973 | Vaults:2 | Lost mutation: You sometimes lose the ability to drink
                  | potions when taking damage. [potion of mutation]
 43973 | Vaults:2 | Lost mutation: Your magical capacity is low. (-10% MP)
                  | [potion of mutation]
 43973 | Vaults:2 | Gained mutation: You have very sharp teeth. [potion of
                  | mutation]
 43973 | Vaults:2 | Lost mutation: Your spells are a little easier to cast, but
                  | a little less powerful. [potion of mutation]
 44101 | Depths:1 | Entered Level 1 of the Depths
 44215 | Depths:1 | Found a one-way gate leading to the halls of Pandemonium.
 44301 | Depths:1 | Found a gateway to Hell.
 44871 | Depths:1 | Found an ornate altar of the Wu Jian Council.
 45003 | Depths:2 | Found a one-way gate to the infinite horrors of the Abyss.
 45232 | Depths:2 | Acquired a manual of Air Magic
 45311 | Depths:2 | Found an opulent altar of Gozag.
 45346 | Depths:2 | Found a shimmering blue altar of Sif Muna.
 45350 | Depths:2 | Found a transporter.
 45464 | Depths:2 | Found a blossoming altar of Fedhas.
 46189 | Depths:2 | Found a transporter.
 46627 | Depths:3 | Noticed Saint Roka
 46628 | Depths:3 | Reached XP level 24. HP: 244/246 MP: 39/39
 46635 | Depths:3 | Killed Saint Roka
 47323 | Depths:3 | Noticed a juggernaut
 47337 | Depths:3 | Killed a juggernaut
 47429 | Depths:3 | Noticed a caustic shrike
 47437 | Depths:3 | Killed a caustic shrike
 47712 | Depths:4 | Entered Level 4 of the Depths
 48109 | Depths:4 | Found a gate to the Realm of Zot.
 48313 | Depths:4 | Found a one-way gateway to a ziggurat.
 48354 | Depths:4 | Noticed a caustic shrike
 48354 | Depths:4 | Noticed a caustic shrike
 48355 | Depths:4 | Noticed a caustic shrike
 48356 | Depths:4 | Noticed a caustic shrike
 48357 | Depths:4 | Noticed a caustic shrike
 48363 | Depths:4 | Killed a caustic shrike
 48364 | Depths:4 | Killed a caustic shrike
 48368 | Depths:4 | Killed a caustic shrike
 48369 | Depths:4 | Killed a caustic shrike
 48369 | Depths:4 | Killed a caustic shrike
 48541 | Depths:4 | Found Saaj's Book Shop.
 48542 | Depths:4 | Found Hallamor's Jewellery Shoppe.
 48542 | Depths:4 | Found Kokhla's Jewellery Shoppe.
 48553 | Depths:4 | Bought a +4 ring of slaying for 1404 gold pieces
 48706 | Depths:4 | Reached XP level 25. HP: 241/254 MP: 36/39
 49224 | Crypt:1  | Entered Level 1 of the Crypt
 49876 | Crypt:1  | Reached skill level 1 in Air Magic
 50081 | Crypt:2  | Noticed Mennas
 50094 | Crypt:2  | Noticed Jory
 50124 | Crypt:2  | Killed Mennas
 50132 | Crypt:2  | Killed Jory
 50668 | Crypt:2  | Noticed a royal mummy
 50676 | Crypt:2  | Noticed Khufu
 50678 | Crypt:2  | Killed a royal mummy
 50680 | Crypt:2  | Noticed a royal mummy
 50686 | Crypt:2  | Killed Khufu
 50686 | Crypt:2  | Killed a royal mummy
 50690 | Crypt:2  | Acquired 1187 gold pieces
 51022 | Crypt:2  | Found the +9 scales of the Dragon King {rPois rF+ rC+
                  | Will+}
 51580 | Elf:1    | Entered Level 1 of the Elven Halls
 52124 | Elf:1    | Noticed Nikola
 52129 | Elf:1    | Killed Nikola
 52554 | Elf:2    | Found an ancient bone altar of Kikubaaqudgha.
 52742 | Elf:2    | Found a runed translucent gate.
 52743 | Elf:2    | Found a runed translucent gate.
 52743 | Elf:2    | Found a runed translucent gate.
 53287 | Elf:3    | Entered Level 3 of the Elven Halls
 53287 | Elf:3    | Found Oceuqoz's General Store.
 53446 | Elf:3    | Reached XP level 26. HP: 262/262 MP: 39/39
 53493 | Elf:3    | Found a frozen archway.
 53504 | IceCv    | Entered an ice cave
 53535 | IceCv    | Identified the +1 pair of boots of Hasov {rElec Str+2
                  | Dex-4}
 53868 | Elf:3    | Identified the ring of Xojioz {rC+ Dex+6}
 53923 | Elf:3    | Identified the ring "Zacledol" {Will+++ EV+5 Str-3 Dex+3
                  | Slay+3}
 53926 | Elf:3    | Identified the +5 broad axe "Death Rattle" {freeze, Drain
                  | rPois Int+6}
 53939 | Elf:3    | Identified the +11 halberd of Extremism {venom, rElec rC-
                  | Dex+3 SInv}
 54226 | Elf:3    | Found a portal to a secret trove of treasure.
 54865 | Zot:1    | Entered Level 1 of the Realm of Zot
 55153 | Zot:1    | Reached skill level 27 in Axes
 55834 | Zot:2    | Reached skill level 27 in Fighting
 56179 | Zot:2    | Identified the ring of Gomeq {rC- Int+6 Dex+3}
 56181 | Zot:2    | Identified the +5 dagger of Welfare {freeze, *Rage rPois
                  | rC+++ rN+ Int-3}
 56856 | Zot:2    | Noticed Buqaf's ghost (master GnWn)
 56863 | Zot:2    | Found a transporter.
 56863 | Zot:2    | Noticed an orb of fire
 56864 | Zot:2    | Noticed Qedehuc's ghost (master DECj)
 56867 | Zot:2    | Found a transporter.
 56873 | Zot:2    | Noticed Wanocsut's ghost (veteran MiMo)
 57256 | Zot:3    | Reached XP level 27. HP: 263/273 MP: 37/39
 57410 | Zot:3    | Reached skill level 15 in Evocations
 58082 | Zot:4    | Identified the ring of Couwkaeh {Ice *Corrode Will+ Int+5
                  | Dex+2}
 58082 | Zot:4    | Noticed Josephina
 58090 | Zot:4    | Killed Josephina
 58261 | Zot:4    | Found a transporter.
 58673 | Zot:4    | Found a transporter.
 58730 | Zot:4    | Acquired the ring "Xeoneut" {rF++ MP+9 Int+3}
 58796 | Zot:4    | Noticed an orb of fire
 58816 | Zot:4    | Killed an orb of fire
 58818 | Zot:4    | Noticed a dread lich
 58827 | Zot:4    | Killed a dread lich
 58834 | Zot:4    | Reached skill level 27 in Shields
 58872 | Zot:4    | Identified the +4 halberd "Tormentor" {drain, *Rage rN+
                  | Will++}
 58890 | Zot:4    | Identified the ring "Zoeroe" {rF+ Int+3 Dex+2 SInv}
 58919 | Zot:4    | Identified the ring "Cusaox" {+Blink rPois rF++ Will+
                  | Dex-3}
 58953 | Zot:5    | Entered Level 5 of the Realm of Zot
 59250 | Zot:5    | Noticed a dread lich
 59265 | Zot:5    | Killed a dread lich
 59297 | Zot:5    | Noticed an ancient lich
 59301 | Zot:5    | Killed an ancient lich
 59319 | Zot:5    | Reached skill level 27 in Armour
 59319 | Zot:5    | Reached skill level 1 in Dodging
 59319 | Zot:5    | Noticed an orb of fire
 59322 | Zot:5    | Gained mutation: You are weak. (Str -2) [an orb of fire]
 59335 | Zot:5    | Gained mutation: Potions are less effective at restoring
                  | your health. [an orb of fire]
 59336 | Zot:5    | Killed an orb of fire
 59376 | Zot:5    | Noticed an orb of fire
 59377 | Zot:5    | Gained mutation: You have hidden genetic defects. [an orb
                  | of fire]
 59386 | Zot:5    | Gained mutation: You are vulnerable to heat. (rF-) [an orb
                  | of fire]
 59390 | Zot:5    | Killed an orb of fire
 59391 | Zot:5    | Lost mutation: You are vulnerable to heat. (rF-) [potion of
                  | mutation]
 59391 | Zot:5    | Lost mutation: You have hidden genetic defects. [potion of
                  | mutation]
 59391 | Zot:5    | Gained mutation: You are agile. (Dex +4, Str/Int -1)
                  | [potion of mutation]
 59391 | Zot:5    | Lost mutation: Your system is resistant to poisons. (rPois)
                  | [potion of mutation]
 59391 | Zot:5    | Gained mutation: You are vulnerable to cold. (rC-) [potion
                  | of mutation]
 59391 | Zot:5    | Gained mutation: You are partially covered in large bone
                  | plates. (SH +4) [potion of mutation]
 59391 | Zot:5    | Noticed an orb of fire
 59400 | Zot:5    | Lost mutation: You are agile. (Dex +4, Str/Int -1) [an orb
                  | of fire]
 59404 | Zot:5    | Gained mutation: You do not regenerate when monsters are
                  | visible. [an orb of fire]
 59407 | Zot:5    | Killed an orb of fire
 59465 | Zot:5    | Reached skill level 5 in Dodging
 59520 | Zot:5    | Noticed an ancient lich
 59520 | Zot:5    | Noticed an orb of fire
 59524 | Zot:5    | Noticed an orb of fire
 59531 | Zot:5    | Gained mutation: You are very vulnerable to cold. (rC--)
                  | [an orb of fire]
 59533 | Zot:5    | Killed an ancient lich
 59537 | Zot:5    | Killed an orb of fire
 59537 | Zot:5    | Noticed an orb of fire
 59541 | Zot:5    | Killed an orb of fire
 59542 | Zot:5    | Noticed an orb of fire
 59543 | Zot:5    | Killed an orb of fire
 59555 | Zot:5    | Killed an orb of fire
 59597 | Zot:5    | Identified the +0 chain mail of the Tuna {Harm rC+ Dex-5
                  | Stlth+}
 59636 | Zot:5    | Lost mutation: You possess an exceptional clarity of mind.
                  | [potion of mutation]
 59636 | Zot:5    | Lost mutation: You are partially covered in large bone
                  | plates. (SH +4) [potion of mutation]
 59636 | Zot:5    | Lost mutation: You are weak. (Str -2) [potion of mutation]
 59636 | Zot:5    | Gained mutation: You sometimes lose the ability to drink
                  | potions when taking damage. [potion of mutation]
 59636 | Zot:5    | Gained mutation: You are partially covered in iridescent
                  | scales. (AC +2) [potion of mutation]
 59636 | Zot:5    | Gained mutation: Your magical capacity is low. (-10% MP)
                  | [potion of mutation]
 59636 | Zot:5    | Gained mutation: You possess an exceptional clarity of
                  | mind. [potion of mutation]
 59637 | Zot:5    | Lost mutation: You sometimes lose the ability to drink
                  | potions when taking damage. [potion of mutation]
 59637 | Zot:5    | Lost mutation: Potions are less effective at restoring your
                  | health. [potion of mutation]
 59637 | Zot:5    | Gained mutation: You are occasionally teleported next to
                  | monsters. [potion of mutation]
 59637 | Zot:5    | Lost mutation: Your magical capacity is low. (-10% MP)
                  | [potion of mutation]
 59637 | Zot:5    | Gained mutation: You are mostly covered in iridescent
                  | scales. (AC +4) [potion of mutation]
 59637 | Zot:5    | Gained mutation: You have a somewhat thin skeletal
                  | structure. (Dex +2, Stealth+) [potion of mutation]
 59661 | Zot:5    | Noticed an ancient lich
 59668 | Zot:5    | Noticed a dread lich
 59674 | Zot:5    | Killed an ancient lich
 59684 | Zot:5    | Killed a dread lich
 59685 | Zot:5    | Reached skill level 10 in Dodging
 59755 | Zot:5    | Lost mutation: You possess an exceptional clarity of mind.
                  | [potion of mutation]
 59755 | Zot:5    | Lost mutation: You do not regenerate when monsters are
                  | visible. [potion of mutation]
 59755 | Zot:5    | Gained mutation: Your spells are a little harder to cast,
                  | but a little more powerful. [potion of mutation]
 59756 | Zot:5    | Lost mutation: You have very sharp teeth. [potion of
                  | mutation]
 59756 | Zot:5    | Lost mutation: Your spells are a little harder to cast, but
                  | a little more powerful. [potion of mutation]
 59756 | Zot:5    | Gained mutation: You are agile. (Dex +4, Str/Int -1)
                  | [potion of mutation]
 59765 | Zot:5    | Got the Orb of Zot
 59974 | Depths:1 | Noticed Koyposod the pandemonium lord
 60343 | D:$      | Escaped with the Orb!

Illustrated notes

Levels and vault maps discovered:
D:1:      minmay_arrival_shattered_statue, layout_loops_ring,
          chequers_serial_rivers_micro_b, minmay_tetromino_s4
D:2:      layout_basic, kennysheep_cross_room
D:3:      layout_loops_ring, gammafunk_ghost_icy, uniq_ijyb
D:4:      layout_rooms, mainiacjoe_overflow_six_doors_small, serial_shops,
          nicolae_shop_behind_doors, grunt_decor_mini_mirrors
D:5:      layout_basic, chequers_temple_overflow_minitemple, zin_scriptorium,
          serial_shops, nicolae_shop_peninsula, shop, shop, shop,
          shop_fountains, kennysheep_generic_room_15
D:6:      layout_loops_corners, mainiacjoe_overflow_surrounded_room
D:7:      layout_loops_corners, minmay_temple_entry_fiery
D:8:      layout_basic, erik_lair_orcish_takeover, serial_shops, shop, shop,
          nicolae_shop_tiny_real_fake_doors, minmay_diamond_spiral
D:9:      nzn_winding_woodlands_medium [nzn_winding_woodlands_5x5_three,
          nzn_winding_woodlands_5x15_longhouse,
          nzn_winding_woodlands_5x5_perimeter,
          nzn_winding_woodlands_5x5_open_star,
          nzn_winding_woodlands_center_triple_pond,
          nzn_winding_woodlands_5x5_default, nzn_winding_woodlands_5x5_default,
          nzn_winding_woodlands_5x15_cabin,
          nzn_winding_woodlands_5x5_checkerboard], layout_small_grid,
          mainiacjoe_overflow_paths, serial_shops, nicolae_shop_statue_plus,
          dk_noncrumbling_2, chequers_serial_rivers_large_a
D:10:     hangedman_cross_cluster, layout_basic, orc_0_dummy
D:11:     layout_cave_pools
D:12:     layout_loops_ring, elyvilon_altar_3
D:13:     gammafunk_sealed_arena, layout_stronghold, david_vaults_3,
          nicolae_nh_vlads_tower, uniq_maurice
D:14:     layout_basic, serial_bayou_lagoon_a, minmay_liquid_box, uniq_frances,
          uniq_kirke, uniq_roxanne
D:15:     hangedman_depths_entry_civil_slaughter, layout_long_grid,
          lemuel_blue_sif_altar, serial_shops, shop,
          grunt_dithmenos_smoke_and_mirrors
Temple:   hellmonk_temple_divided_pantheon
Lair:1:   layout_layer_cave, infiniplex_staircase_pool_2, serial_bayou_shore_a,
          serial_bayou_shore_b, grunt_megastairs_3, uniq_urug, uniq_nergalle
Lair:2:   layout_layer_cave, nicolae_spider_entry_non_spiders,
          ebering_ghost_inner_flame, serial_bayou_shore_b
Lair:3:   layout_hall_layers, swamp_mist
Lair:4:   layout_hall_layers, slime_entry_1
Lair:5:   minmay_lair_end_enchanted_forest, layout_regular_city,
          gauntlet_entry_generic, uniq_snorg
Swamp:1:  layout_basic_swamp, serial_swamp_ruin, evilmike_swamp_ruin_house_6,
          evilmike_swamp_ruin_rubble_2
Swamp:2:  layout_basic_swamp, evilmike_swamp_ruin_rubble_1
Swamp:3:  cheibrodos_swamp_heart_of_darkness, layout_basic_swamp,
          evilmike_swamp_ruin_house_1, uniq_bai_suzhen, uniq_jorgrun,
          uniq_louise
Swamp:4:  swamp_alternative, layout_basic_swamp, swamp_pool1
Spider:1: nicolae_spider_broodchamber
Spider:2: layout_spider_delve, hangedman_spider_tarantella_strand, uniq_aizul
Spider:3: layout_spider_delve, uniq_arachne
Spider:4: spider_rune_water, uniq_asterion
Slime:1:  layout_caves, basic_altar, cheibrodos_slime_lost_civilization_7
Slime:2:  layout_caves
Slime:3:  layout_caves
Slime:4:  layout_caves
Slime:5
Orc:1:    layout_caves, nicolae_volcano_entry_lava_flow
Orc:2:    st_orc_open, layout_caves
Elf:1:    eino_elf_arrival_shootout, layout_geoelf_octagon,
          hangedman_elf_represent, uniq_nikola
Elf:2:    nicolae_elf_blades_splatter_lattice [nicolae_blade_tridents],
          layout_rooms, basic_altar
Elf:3:    minmay_elf_hall_statues, layout_onion_city,
          portal_ice_cave_entry_dragon, nicolae_trove_entry_crystal,
          serial_shops, nicolae_shop_hallway_stairs
Vaults:1: vaults_room_grunt_arrival_checkpoint, hangedman_vaults_trim,
          v_misc_12, vaults_room_ringed_pool, nicolae_vaults_mini_display_case,
          nicolae_vaults_offset_grid_hallway_2, ontoclasm_vaults_chip,
          v_misc_16, nicolae_vaults_taking_the_gang_shopping,
          nicolae_vaults_storage_room_glass, vaults_dpeg_diagonal,
          nicolae_vaults_swerve, nicolae_vaults_shipping_containers_4,
          nicolae_vaults_tetromino_T_2, layout_vaults_ring
Vaults:2: nicolae_vaults_tangram_2, nicolae_vaults_frosty_reception,
          ontoclasm_vaults_gateway, hangedman_vaults_cutoff, vaults_mumra_hex,
          nicolae_vaults_little_squares_5, nicolae_vaults_apartment_1,
          nicolae_vaults_double_plus_1, layout_vaults_omnigrid, serial_shops,
          nicolae_shop_tiny_glass, uniq_xtahua
Vaults:3: nicolae_vaults_trapezoid_3, nicolae_vaults_network_quincunx
          [nicolae_vaults_network_quincunx_subvault,
          nicolae_vaults_network_quincunx_subvault,
          nicolae_vaults_network_quincunx_subvault,
          nicolae_vaults_network_quincunx_subvault,
          nicolae_vaults_network_quincunx_subvault],
          nicolae_vaults_storage_closets_1, ontoclasm_vaults_misaligned,
          grunt_vaults_twisty, grunt_vaults_swirl, v_alt_pattern_3, v_rooms_5,
          hangedman_vaults_stream, nicolae_vaults_double_plus_1,
          vaults_dpeg_hooks, nicolae_vaults_oval_intersection, v_misc_23,
          layout_vaults_maze_snakey, serial_shops, shop, uniq_margery
Vaults:4: vaults_room_stairs_pillars, nicolae_vaults_security_offices_5,
          nicolae_vaults_wrenched, nicolae_vaults_tetromino_Z_1,
          nicolae_vaults_little_squares_5, v_misc_19,
          ontoclasm_vaults_loading_screen, nicolae_vaults_layer_cake_slice,
          nicolae_vaults_more_shelving_1, nicolae_vaults_trapezoid_layered,
          v_misc_19, layout_vaults_omnicross, uniq_donald
Vaults:5
Crypt:1:  layout_chaotic_city, serial_sigils_hangedman_carve,
          lemuel_upstairs_altar
Crypt:2:  ragdoll_tomb_raider, layout_basic, grunt_megastairs_1, uniq_mennas,
          uniq_jory
Depths:1: layout_roguey, hellmouth_3, grunt_pan_entry_sceptre,
          serial_sigils_hangedman_clutch, hex_tiny, nzn_wu_jian_council_hall
Depths:2: gammafunk_sealed_library, layout_basic, abyss_entry_glasseish,
          lightli_too_deep, grunt_pan_entry_spiral, grunt_gozag_statues,
          fedhas_altar_fruit_tree
Depths:3: evilmike_diamond_2, layout_gridville, hell_entry,
          chequers_serial_rivers_micro_d, minmay_room_of_horrors,
          chequers_serial_rivers_micro_a, grunt_megastairs_4,
          infiniplex_staircase_squiggle, uniq_saint_roka
Depths:4: grunt_zot_entry_bicorn, layout_gridlike, enter_ziggurat_c, pan_entry,
          pf_hell_entry_tar_spiral, minmay_shop_grove
Zot:1:    layout_gridlike
Zot:2:    gammafunk_mikee_crab_dinner, layout_twisted_circle, nzn_ghost_randoct,
          nicolae_lava_and_water
Zot:3:    layout_twisted_circle, lemuel_baited_zot_trap
Zot:4:    gammafunk_dig_for_victory, layout_basic, uniq_josephina
Zot:5:    layout_misc_corridors

Skill      XL: |  1  2  3  4  5  6  7  8  9 10 11 12 13 14 15 16 17 18 19 20 21 22 23 24 25 26 27 |
---------------+----------------------------------------------------------------------------------+-----
Axes           | 3 4 5 7 8 9 11 14 15 18 19 24 25 27 | 27.0
Shields        | 4 9 10 18 20 24 25 27 | 27.0
Invocations    | 9 11 14 15 20 22 23 25 | 25.0
Fighting       | 9 10 13 15 16 19 23 25 26 27 | 27.0
Armour         | 4 9 10 14 19 21 25 27 | 27.0
Evocations     | 7 10 13 15 | 15.2
Air Magic      | 2 |  2.3
Dodging        | 10 | 10.8

Action                     |  1- 3 |  4- 6 |  7- 9 | 10-12 | 13-15 | 16-18 | 19-21 | 22-24 | 25-27 || total
---------------------------+-------+-------+-------+-------+-------+-------+-------+-------+-------++-------
  Melee: War axe           |   124 |   108 |       |       |       |       |       |       |       ||   232
         Hand axe          |       |    44 |   158 |       |       |       |       |       |       ||   202
         Broad axe         |       |       |    80 |   256 |   614 |   914 |   791 |  1065 |  1291 ||  5011
         Bite              |       |       |       |       |       |       |       |   132 |   251 ||   383
  Throw: Boomerang         |       |       |     3 |     5 |       |       |       |       |       ||     8
         Javelin           |       |       |       |     2 |       |       |       |     3 |       ||     5
         Dart              |       |       |       |       |       |       |       |     1 |       ||     1
 Invoke: Divine Shield     |       |       |       |     4 |     9 |    11 |    15 |    18 |    19 ||    76
         Cleansing Flame   |       |       |       |       |     1 |     2 |     3 |    22 |    30 ||    58
         Brand Weapon With |       |       |       |       |       |     1 |       |       |       ||     1
         Summon Divine War |       |       |       |       |       |       |     7 |     6 |     4 ||    17
  Evoke: Wand              |     2 |     3 |     1 |     3 |     2 |     7 |    21 |    18 |    12 ||    69
         Lightning rod     |       |       |       |     2 |       |     3 |     3 |     3 |       ||    11
         Phantom mirror    |       |       |       |       |     1 |       |     2 |     1 |       ||     4
         Tin of tremorston |       |       |       |       |       |     2 |     1 |       |     1 ||     4
         Phial of floods   |       |       |       |       |       |       |     2 |       |       ||     2
    Use: Scroll            |       |     1 |     7 |    10 |    16 |    10 |    22 |     9 |    14 ||    89
         Potion            |       |     1 |     1 |     1 |     2 |     4 |    11 |     7 |    14 ||    41
 Armour: Scale mail        |    50 |    63 |    44 |       |       |       |       |       |       ||   157
         Ring mail         |       |       |    28 |    46 |   220 |   359 |   243 |    87 |       ||   983
         Gold dragon scale |       |       |       |       |       |       |       |   237 |   428 ||   665
  Dodge: Dodged            |    75 |    53 |    56 |    74 |   171 |   287 |   136 |   227 |   218 ||  1297
  Block: Buckler           |    24 |    27 |    35 |    38 |   133 |   189 |       |       |       ||   446
         Kite shield       |       |       |       |       |       |   101 |   509 |   895 |   980 ||  2485
         Tower shield      |       |       |       |       |       |    48 |     1 |       |       ||    49
         Reflection        |       |       |       |       |       |       |    27 |    19 |    48 ||    94
